 Dungeon Crawl Stone Soup version 0.27.0-1-g7a089689b8 (webtiles) character file.

Game seed: 476415556517148943

766 Naeght the Spear-Bearer (level 7, 0/56 HPs)
             Began as a Merfolk Gladiator on Aug 16, 2021.
             Was an Initiate of Okawaru.
             Succumbed to a water moccasin's poison
             ... on level 4 of the Dungeon.
             The game lasted 00:07:35 (5112 turns).

Naeght the Spear-Bearer (Merfolk Gladiator)         Turns: 5112, Time: 00:07:35

Health: 0/56       AC:  6    Str: 14    XL:     7   Next: 82%
Magic:  7/7        EV: 15    Int:  7    God:    Okawaru [......]
Gold:   141        SH:  0    Dex: 18    Spells: 6/6 levels left

rFire    . . .     SeeInvis .   a - +0 trident
rCold    . . .     Faith    .   (no shield)
rNeg     . . .     Spirit   .   b - +0 leather armour
rPois    .         Reflect  .   c - +0 helmet
rElec    .         Harm     .   q - +1 cloak
rCorr    .         Rampage  .   (no gloves)
Will     .....                  (no boots)
Stlth    +.........             (no amulet)
HPRegen  0.18/turn              (no ring)
MPRegen  0.10/turn              (no ring)

@: lethally poisoned (0 -> -13)
A: (nimble swimmer 2), mertail
a: Renounce Religion


You were on level 4 of the Dungeon.
You worshipped Okawaru.
Okawaru was noncommittal.
You visited 2 branches of the dungeon, and saw 6 of its levels.
You also visited: Ossuary.

You collected 273 gold pieces.
You spent 132 gold pieces at shops.

Inventory:

Hand Weapons
 a - a +0 trident (weapon)
Missiles
 d - 2 throwing nets
 t - 47 poisoned darts (quivered)
Armour
 b - a +0 leather armour (worn)
 c - a +0 helmet (worn)
 q - a +1 cloak (worn)
Scrolls
 i - a scroll of vulnerability {unknown}
 k - a scroll of identify
 l - 2 scrolls of magic mapping {unknown}
 o - a scroll of torment {unknown}
 p - 2 scrolls of blinking {unknown}
 r - 2 scrolls of teleportation {unknown}
 u - a scroll of amnesia {unknown}
 x - a scroll of noise
 y - a scroll of silence
Potions
 e - 3 potions of flight
 f - 2 potions of degeneration
 g - 3 potions of lignification
 h - 2 potions of might
 j - a potion of brilliance
 m - 3 potions of curing
 n - 3 potions of heal wounds
 s - a potion of ambrosia
 v - a potion of cancellation
 w - a potion of resistance


   Skills:
 + Level 5.0 Fighting
 * Level 9.5 Polearms
 - Level 2.0 Throwing
 + Level 6.8 Dodging
 + Level 0.0 Invocations


You had 6 spell levels left.
You didn't know any spells.
Your spell library was empty.

Dungeon Overview and Level Annotations

Branches:
Dungeon (5/15)             Temple (1/1) D:4         Ossuary (visited)

Altars:
Ashenzari
Elyvilon
Fedhas
Gozag
Makhleb
Nemelex Xobeh
Okawaru
Qazlal
Ru
Sif Muna
Vehumet
Wu Jian
Xom
Lugonu

Shops:
D:2 !


Innate Abilities, Weirdness & Mutations

((You are quick and stealthy near water. (Stealth+, EV+, Speed+++)))
Your lower body shifts to a powerful aquatic tail in water.


Message History

The water moccasin bites you.
You are lethally poisoned!
The water moccasin poisons you!
You are too injured to fight recklessly!
You are too injured to fight recklessly!
You are too injured to fight recklessly!
You are too injured to fight recklessly!
You are too injured to fight recklessly!
You are too injured to fight recklessly!
You are too injured to fight recklessly!
You are too injured to fight recklessly!
You are too injured to fight recklessly!
You are too injured to fight recklessly!
You are too injured to fight recklessly!
You are too injured to fight recklessly!
You are too injured to fight recklessly!
You are too injured to fight recklessly!
You are too injured to fight recklessly!
You are too injured to fight recklessly!
You are too injured to fight recklessly!
You are too injured to fight recklessly!
You are too injured to fight recklessly!
You miss the water moccasin.
The water moccasin is severely wounded.
You feel very sick. The water moccasin bites you.
* * * LOW HITPOINT WARNING * * *
You closely miss the water moccasin.
The water moccasin is severely wounded.
* * * LOW HITPOINT WARNING * * *
You feel very sick. The water moccasin barely misses you.
You hit the water moccasin.
The water moccasin is almost dead.
* * * LOW HITPOINT WARNING * * *
You feel sick. The water moccasin bites you.
* * * LOW HITPOINT WARNING * * *
You miss the water moccasin.
The water moccasin is almost dead.
You die...

###...##....................##...
.............................#..#
......##.........................
..<...##.......................##
##....................<......###.
#...................##...#...###
#...#...............##..##....##
######..............####.#.....#.
#..............S@......#........#
#........................##.....#
#.(...#..............##.###......
####..###.........#.#.#..#.......
#### #.#.........#.>.#........
####............#......#.
##.#......##........#.
####....###..........
###..##....#......


You could see a water moccasin.

Vanquished Creatures
  A sky beast (D:4)
  A bullfrog (D:4)
  3 water moccasin zombies (Ossuary)
  A hound (D:4)
  A jelly (D:4)
  Jessica (D:2)
  2 orc wizards
  Natasha (twice) (D:2 D:1)
  2 iguanas (D:4)
  2 mummies (Ossuary)
  3 adders
  3 gnolls (D:4)
  3 adder zombies (Ossuary)
  2 dart slugs
  13 orcs
  5 bats
  4 endoplasms
  A giant cockroach (D:3)
  6 goblins
  6 hobgoblins
  7 jackals
  7 kobolds
  2 quokkas
  3 ball pythons
  A frilled lizard (D:2)
  3 gnoll zombies (Ossuary)
  5 hobgoblin zombies (Ossuary)
  5 kobold zombies (Ossuary)
  3 orc zombies (Ossuary)
  6 rats
104 creatures vanquished.

Vanquished Creatures (others)
  Natasha (D:1)
1 creature vanquished.

Grand Total: 105 creatures vanquished

Notes
Turn   | Place    | Note
-------+----------+-------------------------------------------
     0 | D:1      | Naeght the Merfolk Gladiator began the quest for the Orb.
     0 | D:1      | Reached XP level 1. HP: 16/16 MP: 1/1
   123 | D:1      | Reached XP level 2. HP: 15/23 MP: 2/2
   633 | D:1      | Found a faded altar of an unknown god.
   661 | D:2      | Noticed Jessica
   671 | D:2      | Killed Jessica
   672 | D:2      | Reached skill level 5 in Polearms
   672 | D:2      | Reached XP level 3. HP: 17/28 MP: 3/3
  1207 | D:2      | Found Biziss's Distillery.
  1238 | D:2      | Bought a potion of heal wounds for 55 gold pieces
  1238 | D:2      | Bought a potion of curing for 33 gold pieces
  1238 | D:2      | Bought a potion of lignification for 33 gold pieces
  1238 | D:2      | Bought a potion of degeneration for 11 gold pieces
  1304 | D:2      | Noticed Natasha
  1319 | D:2      | Killed Natasha
  1320 | D:2      | Reached skill level 6 in Polearms
  1320 | D:2      | Reached XP level 4. HP: 6/35 MP: 4/4
  1579 | D:2      | Noticed Natasha
  1606 | D:1      | Killed Natasha
  1607 | D:1      | Reached skill level 5 in Dodging
  1611 | D:1      | Noticed Natasha
  1636 | D:1      | Killed Natasha
  1637 | D:1      | Reached XP level 5. HP: 7/41 MP: 5/5
  2564 | D:3      | Reached skill level 7 in Polearms
  2776 | D:3      | Found a burning altar of Makhleb.
  3028 | D:4      | Found a sand-covered staircase.
  3037 | Ossuary  | Entered an ossuary
  3118 | Ossuary  | Reached XP level 6. HP: 34/48 MP: 6/6
  3261 | Ossuary  | Reached skill level 8 in Polearms
  3719 | D:4      | Reached XP level 7. HP: 49/55 MP: 7/7
  4066 | D:4      | Reached skill level 9 in Polearms
  4201 | D:4      | Found a shimmering blue altar of Sif Muna.
  4563 | D:4      | Reached skill level 5 in Fighting
  4792 | D:4      | Found a staircase to the Ecumenical Temple.
  4906 | D:5      | Entered Level 5 of the Dungeon
  4939 | Temple   | Entered the Ecumenical Temple
  5013 | Temple   | Became a worshipper of Warmaster Okawaru
  5112 | D:4      | Succumbed to a water moccasin's poison

Illustrated notes

Levels and vault maps discovered:
D:1:      lemuel_arrival_tunnels, layout_rooms,
          shapermc_ecumenical_altar_mp_vishouse, minmay_surrounded
D:2:      layout_rooms, serial_shops, shop_coins, minmay_misc_feat_cross,
          uniq_natasha, uniq_jessica
D:3:      layout_rooms, lightli_temple_of_fire, kennysheep_generic_room_14
D:4:      layout_cave_pools, led_sif_pool, minmay_temple_entry_grid,
          lightli_ossuary_entry_decrepit_ruins
D:5:      layout_cave_pools, overflow_temple_1_default, serial_shops,
          kennysheep_mini_moat
Temple:   kb_corrupted_temple

Skill      XL: |  1  2  3  4  5  6  7 |
---------------+----------------------+-----
Polearms       | 5 6 7 8 9 |  9.5
Fighting       | 3 4 5 |  5.0
Dodging        | 5 6 |  6.8
Throwing       | |  2.0

Action                   |  1- 3 |  4- 6 |  7- 9 || total
-------------------------+-------+-------+-------++-------
Melee: Trident           |    69 |   250 |   117 ||   436
Throw: Throwing net      |       |     1 |       ||     1
       Dart              |       |       |    30 ||    30
  Use: Scroll            |       |     7 |       ||     7
       Potion            |       |     1 |       ||     1
 Stab: Sleeping          |     1 |     4 |     2 ||     7
       Distracted        |       |     1 |       ||     1
Armor: Leather armour    |    14 |    55 |    27 ||    96
Dodge: Dodged            |    41 |   106 |    95 ||   242
